Map: Last Fantasy LE

Players

Calyx

  • Race: Terran Terran
  • League: Master
  • Spawn Location: 12:00

kylos - Winner!

  • Race: Protoss Protoss
  • League: Grandmaster
  • Spawn Location: 3:00

VOD

Have the link to the VOD?

Description

Time

  • Played on: Oct. 9, 2025, 3:02 p.m.
  • Length: 13:33
Show
View Real Time Build Order
Export as new Build Order

Calyx Terran 

Build Orders: Reaper Expand 

Get SALT Encoding   

  12  0:00  SCV  
  13  0:12  SCV  
  14  0:17  Supply Depot  
  14  0:24  SCV  
  15  0:39  Barracks, SCV  
  16  0:45  Refinery  
  16  0:51  SCV  
  17  1:03  SCV  
  18  1:15  SCV  
  19  1:27  Orbital Command  
  19  1:28  Reaper  
  20  1:44  Command Center  
  20  1:50  Supply Depot  
  20  1:54  SCV  
  21  2:01  Marine  
  21  2:07  SCV  
  23  2:11  Factory  
  23  2:18  Refinery  
  23  2:19  SCV  
  23  2:22  Marine  
  25  2:28  Bunker  
  25  2:31  SCV  
  26  2:42  Barracks Reactor  
  26  2:43  SCV  
  27  2:55  SCV  
  27  2:57  Starport, Hellion  
  30  3:08  Orbital Command  
  30  3:18  SCV  
  31  3:20  Marine x2  
  31  3:21  Widow Mine  
  35  3:30  SCV  
  36  3:36  SCV  
  36  3:37  Medivac  
  36  3:38  Marine x2  
  41  3:42  SCV  
  41  3:43  Widow Mine  
  41  3:48  SCV  
  45  3:53  Supply Depot  
  45  3:54  Supply Depot, SCV  
  46  4:05  Factory Tech Lab  
  46  4:09  Barracks, Starport Tech Lab  
  46  4:14  SCV x2  
  48  4:17  Supply Depot, Refinery  
  48  4:20  Engineering Bay  
  48  4:26  SCV x2  
  48  4:29  Siege Tank  
  53  4:34  Liberator  
  54  4:38  SCV x2  
  54  4:49  Terran Infantry Weapons Level 1  
  54  4:50  SCV x2  
  56  4:53  Barracks  
  56  5:03  SCV x2  
  58  5:08  Marine x2  
  58  5:10  Siege Tank  
  61  5:14  Barracks  
  61  5:15  Barracks, SCV x2  
  60  5:25  Marine x2  
  60  5:27  SCV x2  
  64  5:31  Starport Reactor  
  64  5:32  Refinery  
  64  5:33  Supply Depot  
  64  5:35  Supply Depot, Marauder  
  66  5:36  Stimpack  
  66  5:39  SCV x2  
  68  5:45  Marine x2  
  70  5:50  Factory Reactor  
  70  5:53  Supply Depot  
  70  5:55  SCV x2  
  70  5:56  Combat Shield, Marauder  
  74  6:04  Marine x2  
  75  6:06  Marine x2  
  75  6:07  SCV, Marauder  
  82  6:20  Supply Depot, Medivac  
  82  6:21  Medivac  
  82  6:23  Supply Depot  
  87  6:25  Marine x2  
  87  6:26  Marine x2, Marauder  
  87  6:27  Widow Mine  
  93  6:42  Marauder, Widow Mine  
  93  6:43  Marine  
  100  6:47  Marine x3, Marauder  
  100  6:49  Widow Mine  
  100  6:52  Terran Infantry Armor Level 1  
  104  7:01  Marine  
  104  7:04  Widow Mine, Marauder  
  104  7:06  Marine x2  
  110  7:10  Marine  
  110  7:11  Widow Mine  
  110  7:13  Medivac x2, Marauder  
  116  7:19  Marine  
  117  7:23  Marine  
  117  7:25  Widow Mine, Marauder  
  117  7:27  Marine  
  117  7:28  Marine  
  124  7:35  Marauder  
  126  7:43  Marine  
  126  7:50  Marine x2  
  126  7:51  Marauder  
  126  7:55  Marine  
  126  7:56  Marauder  
  111  8:01  Marine  
  111  8:04  Liberator x2  
  109  8:07  Marine x2  
  109  8:12  Marauder  
  107  8:16  Command Center  
  107  8:18  Marauder  
  99  8:27  Marine x2  
  99  8:28  Marine x2  
  99  8:34  Marauder  
  105  8:35  Widow Mine x2  
  105  8:38  Marine  
  110  8:45  Barracks, Marine x3  
  110  8:46  Barracks, Marine  
  110  8:47  Barracks, Liberator  
  117  8:51  Liberator  
  117  8:55  Marauder  
  122  8:57  Marauder  
  122  9:00  Widow Mine  
  126  9:04  Marine  
  126  9:09  Widow Mine  
  126  9:18  Command Center  
  126  9:23  Engineering Bay, Armory  
  119  9:34  Marine x2, Marauder  
  119  9:35  Marauder  
  119  9:36  Marine x2  
  119  9:37  Marine  
  101  9:40  Marine  
  100  9:50  Marine  
  100  9:51  SCV  
  98  9:56  Marauder x2  
  100  10:02  Liberator  
  100  10:03  Marine, Liberator  
  100  10:04  Marine x4  
  100  10:05  Marine  
  111  10:08  Marine  
  112  10:17  Marauder x2  
  112  10:18  Terran Infantry Armor Level 2  
  116  10:21  Marine  
  116  10:27  SCV x2  
  119  10:34  Orbital Command  
  119  10:39  SCV, Marauder  
  119  10:41  Supply Depot  
  122  10:45  Supply Depot, SCV  
  121  10:52  Marauder  
  121  10:53  Marine  
  121  10:54  Marine  
  121  10:56  Barracks Tech Lab  
  125  11:00  Marauder  
  127  11:08  Marine x3  
  127  11:09  Marine  
  127  11:10  Widow Mine  
  133  11:13  Widow Mine  
  133  11:14  Marauder  
  137  11:21  Marauder  
  126  11:37  Ghost Academy  
  126  11:38  Marine  
  126  11:39  Marine  
  126  11:40  Marine x2  
  126  11:43  Marauder  
  102  11:47  Marine  
  74  12:14  Orbital Command  
Show
View Real Time Build Order
Export as new Build Order

kylos Protoss - Winner!

Build Orders: 1 Gate Expand, Blink Stalkers, Colossus Rush 

Get SALT Encoding   

  12  0:00  Probe  
  13  0:12  Probe  
  14  0:17  Pylon  
  14  0:24  Probe  
  15  0:33  Probe  
  15  0:37  Gateway  
  15  0:41  Probe  
  16  0:46  Assimilator  
  17  0:51  Probe  
  18  1:03  Probe  
  19  1:15  Probe  
  20  1:24  Cybernetics Core  
  20  1:35  Nexus  
  20  1:43  Probe  
  20  1:44  Pylon  
  21  1:52  Assimilator  
  21  1:54  Adept  
  21  1:55  Probe  
  22  2:01  Warp Gate  
  22  2:04  Probe  
  25  2:12  Probe  
  25  2:21  Probe  
  26  2:29  Twilight Council  
  27  2:33  Probe  
  27  2:35  Stalker  
  28  2:43  Probe  
  30  2:45  Probe  
  30  2:50  Blink  
  30  2:51  Probe  
  32  2:54  Gateway  
  32  2:57  Probe  
  34  3:01  Probe  
  35  3:09  Probe  
  35  3:13  Probe  
  36  3:22  Probe  
  36  3:25  Probe  
  38  3:27  Robotics Facility  
  38  3:34  Probe, Gateway  
  39  3:37  Probe  
  39  3:40  Pylon  
  40  3:46  Probe  
  41  3:49  Probe  
  41  3:50  Pylon  
  41  3:54  Stalker  
  44  3:58  Probe  
  44  4:01  Stalker  
  45  4:03  Probe  
  46  4:11  Probe  
  46  4:15  Observer  
  48  4:19  Nexus  
  48  4:21  Probe  
  49  4:26  Probe  
  49  4:28  Stalker x2  
  52  4:43  Probe x2  
  52  4:50  Assimilator  
  52  4:52  Robotics Bay, Assimilator  
  52  4:55  Probe x2  
  54  5:07  Probe x2, Charge  
  54  5:13  Forge  
  55  5:19  Probe  
  55  5:22  Probe  
  56  5:29  Extended Thermal Lance  
  56  5:31  Probe, Pylon  
  56  5:33  Pylon  
  57  5:35  Colossus  
  57  5:36  Probe x2  
  57  5:42  Protoss Ground Weapons Level 1  
  59  5:44  Probe  
  59  5:49  Stalker  
  68  5:57  Probe x3  
  71  6:11  Gateway  
  71  6:12  Gateway  
  71  6:16  Gateway  
  71  6:17  Gateway  
  71  6:19  Gateway  
  71  6:21  Colossus  
  77  6:35  Zealot x3  
  83  6:40  Probe x3  
  83  6:42  Pylon  
  86  6:49  Pylon  
  86  7:01  Colossus  
  86  7:04  Zealot x3  
  92  7:13  Zealot x4  
  104  7:24  Zealot  
  104  7:25  Zealot  
  104  7:28  Pylon  
  108  7:30  Pylon  
  108  7:31  Pylon x2  
  108  7:43  Pylon  
  106  7:45  Stalker x2  
  106  7:46  Stalker  
  106  7:47  Zealot x4  
  112  7:55  Protoss Ground Weapons Level 2  
  94  8:02  Zealot  
  90  8:05  Gateway  
  90  8:07  Zealot x2  
  90  8:08  Zealot  
  90  8:09  Gateway  
  90  8:13  Zealot x2  
  90  8:17  Sentry x2  
  98  8:24  Zealot  
  96  8:29  Probe x3  
  99  8:35  Zealot x4  
  99  8:37  Zealot  
  109  8:41  Probe  
  109  8:42  Probe  
  109  8:43  Probe  
  112  8:49  Templar Archives  
  112  8:53  Probe  
  112  8:55  Probe x2  
  115  8:57  Nexus  
  112  9:19  Stalker x3  
  117  9:25  Pylon  
  117  9:28  Pylon  
  117  9:30  Pylon  
  117  9:31  Pylon  
  87  9:38  Nexus  
  87  9:42  Zealot x3  
  90  9:49  Stalker x4  
  98  10:04  High Templar x6  
  102  10:08  Archon  
  102  10:09  Archon x2  
  102  10:16  Zealot x2, Pylon  
  106  10:23  High Templar  
  106  10:24  High Templar  
  110  10:29  Archon  
  110  10:41  Probe x3  
  113  10:48  Zealot x3  
  113  10:49  Zealot x5  
  124  10:53  Probe  
  124  10:54  Probe x2  
  127  11:01  Forge  
  127  11:05  Nexus  
  127  11:15  Dark Shrine  
  127  11:16  Stalker x2  
  131  11:38  Stalker x4  
  107  11:58  Sentry  
  74  12:26  Dark Templar x4  
  59  12:54  Pylon  
  59  13:04  Probe  
  60  13:16  Probe  
Tags
 
Add a new tag
Caveats
  • Supply blocks, unpowered buildings, or Contaminate may cause inaccurate times.
  • Supply counts are checked every 10 seconds.